 Dungeon Crawl Stone Soup version 0.32-a0-22-g6ae6769602 (webtiles) character file.

Game seed: 9347478000572415142

58 MacCMillion the Chopper (level 4, 0/35 HPs)
             Began as a Formicid Fighter on Jan 18, 2024.
             Slain by an orc
             ... wielding a +0 trident
              (4 damage)
             ... on level 3 of the Dungeon.
             The game lasted 00:01:37 (1540 turns).

MacCMillion the Chopper (Formicid Fighter)          Turns: 1540, Time: 00:01:38

Health: 0/35       AC:  6    Str: 23    XL:     4   Next: 21%
Magic:  4/4        EV:  9    Int:  7    God:
Gold:   193        SH:  5    Dex: 13    Spells: 3/3 levels left

rFire   + . .        a - +0 war axe
rCold   . . .        c - +0 buckler
rNeg    . . .        b - +0 scale mail
rPois   .            (helmet unavailable)
rElec   .            (no cloak)
rCorr   .            (no gloves)
SInv    +            (no boots)
Will    .....        (no amulet) Stlth
                     f - ring of protection from fire
HPRegen 0.25/turn    (no ring)
MPRegen 0.09/turn

%: no passive effects
@: no status effects
A: permanent stasis, dig shafts and tunnels, antennae 3, four strong arms
a: Dig, Shaft Self


You were on level 3 of the Dungeon.
You visited 1 branch of the dungeon, and saw 3 of its levels.

You collected 193 gold pieces.

Inventory:

Hand Weapons
 a - a +0 war axe (weapon)
Armour
 b - a +0 scale mail (worn)
 c - a +0 buckler (worn)
Jewellery
 f - a ring of protection from fire (left hand)
Scrolls
 h - a scroll of enchant armour {unknown}
 i - a scroll of blinking {unknown}
 j - a scroll of acquirement {unknown}
 k - a scroll of teleportation {unknown}
 m - a scroll of enchant weapon {unknown}
 n - a scroll of identify {unknown}
 p - a scroll of fear {unknown}
Potions
 d - a potion of might
 e - a potion of haste {unknown}
 g - 3 potions of curing {unknown}
 l - 2 potions of invisibility {unknown}
 o - a potion of heal wounds {unknown}


   Skills:
 - Level 3.2 Fighting
 + Level 4.2 Axes
 - Level 3.2 Armour
 - Level 4.0 Shields


You had 3 spell levels left.
You didn't know any spells.
Your spell library was empty.

Dungeon Overview and Level Annotations

Branches:
Dungeon (3/15)

Altars:
Nemelex Xobeh

Shops:
D:1 :   D:2 (


Innate Abilities, Weirdness & Mutations

You cannot be hasted, slowed, berserked, paralysed or teleported.
You can dig through walls and to a lower floor.
You have a pair of large antennae on your head. (SInv)
Your four strong arms can wield two-handed weapons with a shield.


Message History

The orc hits you from afar with a +0 trident.
The orc closely misses you.
You barely miss the orc.
The orc is severely wounded.
You hit the orc but do no damage. The orc completely misses you.
The orc hits you from afar with a +0 trident!
The orc barely misses you.
You closely miss the orc.
The orc is severely wounded.
You hit the orc but do no damage.
The orc hits you from afar with a +0 trident.
The orc hits you but does no damage. You block the orc's attack.
You are too injured to fight recklessly!
You hit the orc but do no damage.
The orc is severely wounded.
You barely miss the orc. The orc barely misses you.
The orc hits you but does no damage. The orc hits you with a +0 club.
The orc closely misses you.
The orc hits you from afar with a +0 trident.
* * * LOW HITPOINT WARNING * * *
The orc hits you with a +0 dagger.
* * * LOW HITPOINT WARNING * * *
You barely miss the orc.
The orc is severely wounded.
You hit the orc. You block the orc's attack.
The orc hits you but does no damage. You block the orc's attack.
You hit the orc.
You kill the orc!
You barely miss the orc.
The orc hits you from afar with a +0 trident.
* * * LOW HITPOINT WARNING * * *
The orc hits you but does no damage.
You slash the ribbon worm!
The ribbon worm is almost dead.
You hit the orc.
You kill the orc!
You block the orc's attack. The ribbon worm bites you.
* * * LOW HITPOINT WARNING * * *
The orc hits you from afar with a +0 trident.
You die...

.......#..#
.....#.########.
##.....#......#.# . .
....#.....## ..# .. ..
...........## ..##. ...
..#.........###... ....
..#...##......#.# ,.....
..#.#..##.##....##o.....
....##.##...#...@w..#
.................)..#
...................?#
....[..###.........##
.......# #..########
............#
.........#..
###....#....{ ###....


You could see a ribbon worm and an orc.

Vanquished Creatures
  2 dart slugs
  2 orcs (D:3)
  14 ball pythons
  An endoplasm (D:2)
  A giant cockroach (D:1)
  4 goblins
  7 hobgoblins
  9 kobolds
  3 bats
  3 frilled lizards
  7 rats
53 creatures vanquished.

Notes
Turn   | Place    | Note
-------+----------+-------------------------------------------
     0 | D:1      | MacCMillion the Formicid Fighter began the quest for the
                  | Orb.
     0 | D:1      | Reached XP level 1. HP: 18/18 MP: 1/1
    32 | D:1      | Found a faded altar of an unknown god.
    63 | D:1      | Reached XP level 2. HP: 24/24 MP: 2/2
   401 | D:1      | Reached XP level 3. HP: 27/29 MP: 3/3
   459 | D:1      | Found Deheut's Book Emporium.
   933 | D:2      | Found Vapp's Antique Weapon Shoppe.
  1086 | D:2      | Reached XP level 4. HP: 30/35 MP: 4/4
  1389 | D:3      | Found a sparkling altar of Nemelex Xobeh.
  1540 | D:3      | Slain by an orc

Illustrated notes

Levels and vault maps discovered:
D:1:      lemuel_arrival_tunnels, layout_basic,
          nicolae_ecumenical_snake_handling, serial_shops,
          nicolae_lakefront_shop
D:2:      layout_rooms, serial_shops, nicolae_shop_statue_plus,
          interstate_on_off
D:3:      layout_rooms, mainiacjoe_overflow_alcove_1, led_sif_pool

Skill      XL: |  1  2  3 |
---------------+----------+-----
Axes           | 3 4 |  4.2
Fighting       | |  3.2
Armour         | |  3.2
Shields        | |  4.0

Action                     |  1- 3 |  4- 6 || total
---------------------------+-------+-------++-------
  Melee: War axe           |    85 |    22 ||   107
Ability: Dig               |     1 |       ||     1
 Armour: Scale mail        |    65 |    21 ||    86
  Dodge: Dodged            |    53 |    19 ||    72
  Block: Buckler           |    26 |     8 ||    34

Table legend: (Time is in decaauts)
 A = Elapsed time spent in this place.
 B = Non-inter-level travel time spent in this place.
 C = Inter-level travel time spent in this place.
 D = Time resting spent in this place.
 E = Time spent auto-exploring this place.
 F = Levels seen in this place.
 G = Mean time per level.
                   A        B        C        D        E       F      G
               +--------+--------+--------+--------+--------+-----+--------+
         Total |   1577 |   1553 |     24 |     12 |   1236 |   3 |  525.7 |
       Dungeon |   1577 |   1553 |     24 |     12 |   1236 |   3 |  525.7 |
               +--------+--------+--------+--------+--------+-----+--------+

Top non-repeatable levels by time:
     D:1: 865 daAuts
     D:2: 534 daAuts
     D:3: 177 daAuts
